[Event "*** Titled Tuesday Blitz"]
[Site "Chess.com"]
[Date "2020.05.26"]
[Round "7"]
[White "AradNazari"]
[Black "BabyFacedAssasin"]
[Result "0-1"]
[WhiteElo "2424"]
[BlackElo "2254"]
[TimeControl "180+1"]
[EndTime "11:21:42 PDT"]
[Termination "BabyFacedAssasin won by resignation"]

1. e4 e6 2. d4 d5 3. Nd2 c5 4. Ngf3 cxd4 5. Nxd4 Nc6 6. Nxc6 bxc6 7. Bd3 Bd6 8. O-O Ne7 9. c4 O-O 10. Kh1 Ng6 11. exd5 exd5 12. cxd5 Nf4 13. Ne4 cxd5 14.
Nxd6 Qxd6 15. Bb1 Bb7 16. Qf3 Ne6 17. Qh3 g6 18. Bh6 Rfd8 19. Bd3 d4 20. Rfe1 Nf4 21. Bxf4 Qxf4 22. Qg3 Qxg3 23. hxg3 Kf8 24. Kg1 Rac8 25. Rac1 Rxc1 26. Rxc1 Rc8 27. Rxc8+ Bxc8 28. f3 Ke7 29. Kf2 Kd6 30. Ke2 a5 31. Bc4 f6 32. Kd3 Kc5 33. Bg8 Bf5+ 34. Kd2 g5 35. a3 Bg6 36. Bb3 h5 37. Bc2 Bf7 38. Bd3 Kd5 39. Bc2 Ke5 40. b4 axb4 41. axb4 h4 42. gxh4 gxh4 43. b5 Kd6 44. Be4 Kc5 45. Bc6 Bc4 46. Bd7 Bxb5 47. Be6 Kd6 48. Bf5 Ke5 49. Bc8 Kf4 50. Bh3 Kg3 51. Ke1 d3 52. Kd2 Kf2 53. f4 Ba6 0-1

[Event "*** Titled Tuesday Blitz"]
[Site "Chess.com"]
[Date "2020.05.26"]
[Round "7"]
[White "rakshi2005"]
[Black "bsnsun"]
[Result "0-1"]
[WhiteElo "2328"]
[BlackElo "2487"]
[TimeControl "180+1"]
[EndTime "11:21:43 PDT"]
[Termination "bsnsun won by resignation"]

1. e4 c5 2. Nf3 d6 3. d4 cxd4 4. Nxd4 Nf6 5. Nc3 a6 6. Bg5 Nbd7 7. Qe2 h6 8. Bh4 g6 9. f4 e5 10. fxe5 dxe5 11. O-O-O Qc7 12. Nb3 b5 13. Nd5 Nxd5 14.
exd5 Bd6 15. Qd2 f5 16. g4 f4 17. Bd3 g5 18. Bf2 Kf7 19. h4 gxh4 20. Bxh4 Nc5 21. g5 e4 22. g6+ Kg7 23. Qc3+ Be5 24. Qxc5 exd3 25. Rxd3 Bf5 26. Rd2 Rac8 27. Be7 Qxc5 28.
Bxc5 Kxg6 29. Bd4 Bd6 30. Rg1+ Kf7 31. Bxh8 Rxh8 32. Nd4 Be4 33. Re2 Bxd5 34. Nf5 Bc5 35.
Rd1 Bf3 36. Re5 Bxd1 37. Kxd1 Bb6 38. Ke2 Kf6 39. Rd5 h5 40. Kf3 h4 41. Kxf4 Bc7+ 42.
Kg4 h3 43. Ng3 Bxg3 44. Kxg3 h2 45. Rd6+ Ke5 46. Rd1 h1=Q 47. Rxh1 Rxh1 0-1

[Event "*** Titled Tuesday Blitz"]
[Site "Chess.com"]
[Date "2020.05.26"]
[Round "7"]
[White "Onwgs"]
[Black "AndrewDGreen"]
[Result "1/2-1/2"]
[WhiteElo "2470"]
[BlackElo "2314"]
[TimeControl "180+1"]
[EndTime "11:21:44 PDT"]
[Termination "Game drawn - insufficient material"]

1. e4 c5 2. c3 d5 3. exd5 Qxd5 4. d4 g6 5. Nf3 Bg7 6. Na3 cxd4 7. Bc4 Qe4+ 8. Be3 Nh6 9. cxd4 O-O 10.
O-O Bg4 11. Bxh6 Bxh6 12. Re1 Qf4 13. Rxe7 Nc6 14. Rxb7 Rab8 15. Rxb8 Rxb8 16. b3 Rd8 17. Nc2 Ne5 18. Be2 Nxf3+ 19. Bxf3 Bf5 20. Qe2 Bxc2 21. Qxc2 Qxd4 22. Rd1 Qb6 23. Rxd8+ Qxd8 24. g3 Qd2 25. Qc4 Qc1+ 26. Qxc1 Bxc1 27. Kf1 f6 28. Ke2 Kf7 29. Bd5+ Ke7 30. f4 g5 31. fxg5 fxg5 32. Kf3 Kd6 33.
Be4 h6 34. Kg4 Ke5 35. Bd3 Kf6 36. Kh5 Kg7 37. b4 Be3 38. b5 Bb6 39. Kg4 Kf6 40. Bc2 Ba5 41. Kh5 Kg7 42. h4 gxh4 43. Kxh4 Kf6 44. Kh5 Kg7 45. g4 Bd2 46. Be4 Kf6 47.
a4 Kg7 48. Bd3 Bc3 49. Bg6 Bd2 50. Be4 Bc3 51. Bf5 Bd2 52. Bg6 Bc3 53. g5 hxg5 54. Kxg5 Bd2+ 55. Kf5 Bc3 56. Bh5 Kf8 57. Ke6 Bd4 58. Kd7 Kg7 59. a5 Kf6 60. Kc6 Ke7 61. Bg4 Kd8 62. Kb7 Bf2 63. Kc6 Be3 64.
Bf5 Bf2 65. Be6 Be3 66. b6 axb6 67. a6 b5 68. Kxb5 Ba7 69. Kc6 Bg1 70. Kb7 Bf2 71.
Bd5 Bg1 72. a7 Bxa7 1/2-1/2

[Event "*** Titled Tuesday Blitz"]
[Site "Chess.com"]
[Date "2020.05.26"]
[Round "7"]
[White "Arjun2002"]
[Black "Alexander_Moskalenko"]
[Result "1/2-1/2"]
[WhiteElo "2668"]
[BlackElo "2792"]
[TimeControl "180+1"]
[EndTime "11:21:45 PDT"]
[Termination "Game drawn by repetition"]

1. e4 e6 2. d4 d5 3. Nc3 Nf6 4. Bg5 dxe4 5. Nxe4 Be7 6. Bxf6 gxf6 7. Nc3 a6 8. g3 Nd7 9. Bg2 c6 10. Nf3 Qb6 11.
Rb1 Qc7 12. O-O h5 13. Qe2 b6 14. Rfe1 Bb7 15. Nh4 O-O-O 16. d5 Ne5 17. dxc6 Nxc6 18. Rbd1 f5 19. Rxd8+ Bxd8 20. Nf3 h4 21. Ne5 hxg3 22.
hxg3 Nxe5 23. Qxe5 Qxe5 24. Rxe5 Bf6 25. Re3 Rg8 26.
Ne2 b5 27. c3 Rd8 28. Nf4 Rd1+ 29. Kh2 Rd2 30. Re2 Rd1 31. Bxb7+ Kxb7 32. Kg2 Kc6 33.
Kf3 a5 34. Rc2 Bg5 35. Ke2 Ra1 36. Nd3 f6 37. b3 e5 38. c4 b4 39. f4 e4 40. fxg5 exd3+ 41. Kxd3 fxg5 42. Rf2 Rd1+ 43. Kc2 Rg1 44. Rxf5 Rg2+ 45. Kb1 Rg1+ 46. Kc2 Rg2+ 47. Kb1 Rg1+ 48. Kc2 1/2-1/2

[Event "*** Titled Tuesday Blitz"]
[Site "Chess.com"]
[Date "2020.05.26"]
[Round "7"]
[White "TheBigBadChessDad"]
[Black "Grandmaster2B"]
[Result "0-1"]
[WhiteElo "2235"]
[BlackElo "2424"]
[TimeControl "180+1"]
[EndTime "11:21:45 PDT"]
[Termination "Grandmaster2B won on time"]

1. d4 Nf6 2. Nf3 e6 3. Bf4 c5 4. e3 Nc6 5. Nbd2 d5 6. c3 Bd6 7.
Bg3 O-O 8. Bb5 cxd4 9. exd4 Qc7 10. Qe2 Re8 11. Ne5 Nd7 12. f4 f6 13. Nxd7 Bxd7 14. O-O a6 15. Bd3 e5 16. fxe5 fxe5 17. Bxh7+ Kxh7 18. Qh5+ Kg8 19. Qf7+ Kh8 20. Nf3 Bg4 21. Qg6 Bxf3 22.
Rxf3 Rf8 23. Raf1 Rxf3 24. Rxf3 Rf8 25. Rxf8+ Bxf8 26. dxe5 Qb6+ 27. Kh1 Qxb2 28. h3 Qxc3 29. Qf7 Qxg3 30. Qxf8+ Kh7 31. Qf5+ Qg6 32. Qd7 Nxe5 33.
Qxd5 Nc6 34. Qd7 b5 35. a3 Na5 36. Qd4 Nc4 37. a4 Qd6 38. Qh4+ Qh6 39. Qe4+ Qg6 40.
Qh4+ Qh6 41. Qe4+ g6 42. Qb7+ Qg7 43. Qxa6 Qa1+ 44. Kh2 Qxa4 45. Qb7+ Kh6 46. Qe4 Qa5 47. Qe7 Kh5 48. g4+ Kh6 0-1

[Event "*** Titled Tuesday Blitz"]
[Site "Chess.com"]
[Date "2020.05.26"]
[Round "7"]
[White "NewBornNow"]
[Black "gena217"]
[Result "0-1"]
[WhiteElo "2732"]
[BlackElo "2859"]
[TimeControl "180+1"]
[EndTime "11:21:46 PDT"]
[Termination "gena217 won by resignation"]

1. e4 c6 2. d4 d5 3. e5 Bf5 4. Nf3 e6 5. Be2 Ne7 6. O-O c5 7. c4 Nbc6 8. dxc5 d4 9. Bd3 Bxd3 10. Qxd3 Ng6 11. Re1 Bxc5 12. a3 a5 13. Nbd2 O-O 14. b3 Qe7 15. Bb2 Rfd8 16. g3 Qc7 17. Qe4 h6 18. h4 Nf8 19. Kg2 Qd7 20. Qd3 Qc7 21. Re4 Nd7 22. Rae1 Bf8 23. Qb1 Nc5 24. Rg4 d3 25.
Bc3 Ne7 26. Nd4 Nf5 27. Nb5 Qc6+ 28. Kg1 h5 29. Rf4 g6 30. b4 axb4 31. axb4 Na4 32.
Ne4 Bh6 33. Nf6+ Kh8 34. Rfe4 Nxc3 35. Nxc3 Nd4 36. Qxd3 Nb3 37. Qc2 Nd2 38. b5 Qc5 39.
Na4 Qb4 40. Nb6 Nxe4 41. Qxe4 Ra2 42. Nbd7 Qd2 43. Rf1 Rxd7 44. Nxd7 Qxd7 45. Qb1 Rd2 46. c5 Rd5 47. Qb4 Qc7 48. c6 bxc6 49. b6 Qb7 0-1

[Event "*** Titled Tuesday Blitz"]
[Site "Chess.com"]
[Date "2020.05.26"]
[Round "7"]
[White "GrafLermontov"]
[Black "ftorodent"]
[Result "0-1"]
[WhiteElo "2487"]
[BlackElo "2671"]
[TimeControl "180+1"]
[EndTime "11:21:47 PDT"]
[Termination "ftorodent won by resignation"]

1. d4 f5 2. Nc3 Nf6 3. Bg5 d5 4. Bxf6 exf6 5. e3 Be6 6. Bd3 Nc6 7. a3 Qd7 8. Qf3 Ne7 9. Nge2 g6 10. O-O-O O-O-O 11. h4 h5 12. Kb1 Kb8 13. Nc1 Nc8 14. Nb3 b6 15. Nd2 Qf7 16. Ne2 Nd6 17. Nf4 Ne4 18.
Qe2 Bd6 19. Rhe1 Bc8 20. f3 Nxd2+ 21. Qxd2 Rhe8 22. Rc1 Bb7 23. c4 Bxf4 24. exf4 Rxe1 25. Qxe1 dxc4 26. Bxc4 Bd5 27. Bxd5 Rxd5 28. Qc3 Qd7 29. Qc6 Rxd4 30. Qxf6 Qd6 31. Qxd6 Rxd6 32. Re1 Rd2 33. g3 Rg2 34. Re6 Rxg3 35. Kc2 Rxf3 36. Rxg6 Rxf4 37.
Rg5 Rxh4 38. Rxf5 a5 39. Kb3 a4+ 40. Ka2 Kb7 41. Rf7 Rc4 42. Rh7 h4 43. Rh6 Kc8 44. Kb1 Kd8 45. Rh8+ Ke7 46. Rh7+ Kf6 47. Rh6+ Kg5 48.
Rh8 Kg4 49. Rg8+ Kf3 50. Rf8+ Kg3 51. Rg8+ Rg4 52. Rh8 h3 53. Kc2 h2 54. b3 axb3+ 55.
Kxb3 Rh4 56. Rg8+ Kh3 57. Re8 h1=Q 58. Re3+ Kg4 59. Rc3 Rh3 0-1

[Event "*** Titled Tuesday Blitz"]
[Site "Chess.com"]
[Date "2020.05.26"]
[Round "7"]
[White "ChessWarrior7197"]
[Black "TigrVShlyape"]
[Result "1-0"]
[WhiteElo "2927"]
[BlackElo "2858"]
[TimeControl "180+1"]
[EndTime "11:21:48 PDT"]
[Termination "ChessWarrior7197 won on time"]

1. e4 e5 2. Nf3 Nc6 3. Bb5 Nf6 4. O-O Nxe4 5. Re1 Nd6 6. Nxe5 Nxe5 7. Rxe5+ Be7 8. Bf1 O-O 9. Nc3 Bf6 10. Re1 b6 11. a4 Bb7 12. a5 Re8 13. d3 Be5 14. d4 Bf6 15. Rxe8+ Qxe8 16. a6 Be4 17. Bf4 Bg6 18.
Bxd6 cxd6 19. Nb5 Qe4 20. c3 Qc6 21. Qd2 d5 22. Re1 h6 23. Qf4 Bg5 24. Qc7 Be4 25. f3 Bc2 26. Qb7 Qxb7 27. axb7 Rb8 28. Na3 Ba4 29.
Ba6 Bc6 30. Nc2 Bxb7 31. Bxb7 Rxb7 32. Nb4 Kf8 33. Nxd5 b5 34. Ra1 Bd8 35. Ra6 h5 36.
Kf2 g6 37. Ke3 Ke8 38. g3 Be7 39. g4 hxg4 40. fxg4 Bh4 41. Kf4 Kf8 42. g5 Kg7 43. Ra1 Rb8 44. Rxa7 Re8 45. Rxd7 Re2 46. Nf6 Rg2 47.
Ng4 Rxb2 48. Ne5 Rg2 49. Nxf7 Kg8 50. d5 Be1 51. Nh6+ 1-0

[Event "*** Titled Tuesday Blitz"]
[Site "Chess.com"]
[Date "2020.05.26"]
[Round "7"]
[White "AnthonyWirig"]
[Black "Anna_ChessMate"]
[Result "0-1"]
[WhiteElo "2680"]
[BlackElo "2542"]
[TimeControl "180+1"]
[EndTime "11:21:49 PDT"]
[Termination "Anna_ChessMate won on time"]

1. d4 d5 2. Nf3 Nf6 3. c4 c6 4. Qc2 dxc4 5. e4 Bg4 6. Nbd2 e6 7. Bxc4 Nbd7 8. O-O Be7 9. h3 Bh5 10. Re1 O-O 11.
b3 c5 12. Bb2 Rc8 13. a4 cxd4 14. Bxd4 Nb6 15. Qb2 Nxc4 16. bxc4 Bxf3 17. Nxf3 Rxc4 18. Red1 Qc8 19. e5 Nd5 20. Bxa7 Rc2 21. Qd4 Nc3 22. Qg4 Nxd1 23. Rxd1 Rc1 24. Rxc1 Qxc1+ 25. Kh2 Bc5 26. Bxc5 Qxc5 27. Kg3 g6 28. Qf4 Qc7 29. h4 f6 30. Qe4 f5 31. Qf4 Kg7 32. Kh2 h6 33. Qb4 Rd8 34. Qf4 Rd5 35. Kg1 Qc2 36. Qb4 Qc7 37.
Qf4 Rd3 38. Kh2 Rc3 39. Qd4 Rc4 40. Qd1 g5 41. hxg5 hxg5 42. Qd2 g4 43. Ng5 Qxe5+ 44. g3 Kg6 45. Qd8 Rc7 46. Qg8+ Rg7 47. Qd8 Qf6 48. Qxf6+ Kxf6 0-1

[Event "*** Titled Tuesday Blitz"]
[Site "Chess.com"]
[Date "2020.05.26"]
[Round "7"]
[White "MartinCerveny"]
[Black "manmanlai1"]
[Result "1-0"]
[WhiteElo "2517"]
[BlackElo "2361"]
[TimeControl "180+1"]
[EndTime "11:21:49 PDT"]
[Termination "MartinCerveny won by checkmate"]

1. d4 d5 2. c4 e6 3. Nc3 Bb4 4.
Nf3 Nf6 5. Bd2 O-O 6. e3 b6 7.
Bd3 Bb7 8. O-O a6 9. cxd5 exd5 10. Ne5 Bd6 11. f4 c5 12. Qf3 Nc6 13. Ne2 Ne7 14. Qh3 Qc8 15. Qh4 Ne4 16. Bc3 f6 17. Nf3 Nf5 18. Qh5 Nxe3 19. Rfe1 Qg4 20. Qxg4 Nxg4 21. Ng3 Nxc3 22. bxc3 Bxf4 23. Nf5 Rf7 24. g3 Bc7 25. h3 Nh6 26. Nxh6+ gxh6 27. g4 Rd7 28. Re6 Kg7 29. Nh4 Rf8 30. Nf5+ Kh8 31. Rae1 Bf4 32. Kg2 c4 33. Bc2 b5 34. Kf3 Bd2 35. Re7 Rxe7 36. Rxe7 Bc8 37. Nh4 f5 38. Bxf5 Bxc3 39. Rxh7+ Kg8 40.
Rc7 Bxf5 41. gxf5 Bxd4 42. Kg4 Bf6 43. Ng6 Rd8 44. Kh5 Bg5 45. h4 Bd2 46. f6 d4 47.
f7+ Kg7 48. f8=Q# 1-0

[Event "*** Titled Tuesday Blitz"]
[Site "Chess.com"]
[Date "2020.05.26"]
[Round "7"]
[White "Pavel_Mir"]
[Black "atwalcb"]
[Result "1-0"]
[WhiteElo "2236"]
[BlackElo "2376"]
[TimeControl "180+1"]
[EndTime "11:21:49 PDT"]
[Termination "Pavel_Mir won by resignation"]

1. e4 d6 2. d4 Nf6 3. Nc3 Nbd7 4. f4 e5 5. Nf3 exd4 6. Qxd4 c6 7. Bc4 d5 8. exd5 Bc5 9. Qd3 O-O 10. dxc6 bxc6 11.
Ne5 Nxe5 12. fxe5 Qe7 13. Bf4 Ng4 14. O-O-O Nf2 15. Qg3 Nxh1 16. Rxh1 Bf5 17. Bg5 Qb7 18. Qf3 Bg6 19. h4 Bd4 20. h5 Bxc3 21. bxc3 Bxc2 22. Kxc2 Qc7 23. Qe4 h6 24. Bd3 f5 25.
exf6 gxf6 26. Bxh6 Rfe8 27. Qg6+ Kh8 28. Qxf6+ Kg8 29.
Bc4+ Kh7 30. Qg6+ Kh8 31. Bg5 Rf8 32. Bf6+ Rxf6 33. Qxf6+ Kh7 34. h6 Rd8 35. Qg7+ Qxg7 36. hxg7+ Kxg7 37. Bd3 Kf6 38. Rh6+ Ke5 39. Rxc6 Rg8 40.
Rg6 Rf8 41. g4 Rf2+ 42. Kb3 Rd2 43. Bc4 Rg2 44. Rg8 a5 45. a4 Rg3 46. g5 Kf5 47. g6 Kf6 48. g7 Ke7 49. Ra8 Rxg7 50. Ra7+ Kf6 51. Rxg7 Kxg7 52. Bd5 Kf6 53. Kc4 Ke7 54.
Kb5 Kd6 55. c4 Kc7 56. Kxa5 Kb8 57. Kb6 Kc8 58. a5 Kb8 59. a6 1-0

[Event "*** Titled Tuesday Blitz"]
[Site "Chess.com"]
[Date "2020.05.26"]
[Round "7"]
[White "letsgoband"]
[Black "GelmanAlexander"]
[Result "1-0"]
[WhiteElo "2406"]
[BlackElo "2548"]
[TimeControl "180+1"]
[EndTime "11:21:50 PDT"]
[Termination "letsgoband won on time"]

1. e4 c5 2. Nf3 e6 3. b3 a6 4.
Bb2 d6 5. Be2 Nf6 6. d3 Nbd7 7.
O-O Qc7 8. a4 b6 9. Nc3 Bb7 10. h3 Rg8 11. Nh2 g5 12. Nb1 d5 13.
exd5 Nxd5 14. Nd2 Bd6 15. Ng4 h5 16. Nh6 Rg6 17. Nxf7 Kxf7 18. Bxh5 Rg8 19. Ne4 Ke7 20. Bxg6 Rxg6 21. Qh5 Nf4 22. Qh7+ Kd8 23. Rfe1 Be7 24. g3 Nf8 25. Qh8 Nd5 26. Be5 Qc6 27. Rad1 Kc8 28.
d4 c4 29. bxc4 Qxc4 30. Bd6 Kd7 31. Bxe7 Kxe7 32. Qe5 Nd7 33. Qd6+ Ke8 34. Nd2 Qxd4 35. Nf3 Qc5 36. Rxe6+ Rxe6 37. Qxe6+ Kd8 38. Ne5 Nxe5 39. Qxe5 Kc8 40. Qxg5 Kb8 41. h4 Ka7 42. Qd2 Qc4 43.
Qd3 Qxa4 44. h5 Qg4 45. c4 Nf4 46. Qd7 Qh3 47. Qxh3 Nxh3+ 48. Kh2 Nxf2 49. Rd4 Ne4 50. h6 Ng5 51. Rg4 Nh7 52. Rg7 Nf6 53. h7 Nxh7 54. Rxh7 a5 55. g4 a4 56. g5 a3 57. Rh3 Kb8 58. Rxa3 1-0

[Event "*** Titled Tuesday Blitz"]
[Site "Chess.com"]
[Date "2020.05.26"]
[Round "7"]
[White "Feegus"]
[Black "chenrip"]
[Result "1/2-1/2"]
[WhiteElo "2459"]
[BlackElo "2298"]
[TimeControl "180+1"]
[EndTime "11:21:50 PDT"]
[Termination "Game drawn by repetition"]

1. Nf3 Nf6 2. g3 b5 3. Bg2 Bb7 4. O-O e6 5. a4 b4 6. d4 a5 7. c4 d5 8. Ne5 Nbd7 9. b3 Be7 10.
Bb2 O-O 11. Nd2 Ra6 12. Qc2 Qa8 13. Rac1 dxc4 14. Bxb7 Qxb7 15. Qxc4 Nxe5 16. dxe5 Nd5 17. e4 Nc3 18. Bxc3 bxc3 19. Rxc3 Bb4 20. Rc2 Bxd2 21. Rxd2 Rc6 22. Qd3 h6 23. Kg2 Rb8 24. Rb1 Qb4 25. Rc2 Rbb6 26. Rxc6 Rxc6 27. Rd1 Rc3 28. Qe2 Rxb3 29. Rd8+ Kh7 30. Rd7 Qc3 31. Rxf7 Qxe5 32.
Qg4 Rb4 33. h4 Rxe4 34. Rxg7+ Qxg7 35. Qxe4+ Qg6 36. Qc6 Qf7 37. Qc2+ Kg7 38. f4 Qd7 39. Qc3+ Kf7 40. h5 Qxa4 41. Qxc7+ Kf6 42. Qe5+ Kf7 43.
Qh8 Qc2+ 44. Kh3 Qf5+ 45. Kh2 Qxh5+ 46. Kg2 Qe2+ 47. Kh3 Qh5+ 48. Kg2 Qe2+ 49. Kh3 Qh5+ 50. Kg2 1/2-1/2

[Event "*** Titled Tuesday Blitz"]
[Site "Chess.com"]
[Date "2020.05.26"]
[Round "7"]
[White "barbara25"]
[Black "ZarinaShafigullina"]
[Result "0-1"]
[WhiteElo "2197"]
[BlackElo "2344"]
[TimeControl "180+1"]
[EndTime "11:21:50 PDT"]
[Termination "ZarinaShafigullina won by resignation"]

1. e4 c5 2. Nf3 Nc6 3. Bb5 g6 4.
O-O Bg7 5. c3 Nf6 6. Re1 O-O 7.
d4 d5 8. e5 Ne4 9. Bd3 cxd4 10.
cxd4 Bf5 11. Nc3 Nxc3 12. bxc3 Bxd3 13. Qxd3 f6 14. e6 Rc8 15. h4 Na5 16. h5 Qe8 17. h6 Bh8 18. Rb1 b6 19. Nd2 Qc6 20. Bb2 Rfd8 21. Re3 Rd6 22. Rbe1 Nc4 23. Nxc4 dxc4 24. Qb1 Rd5 25. Rg3 f5 26. Ba3 Bf6 27. Qc2 a5 28. Bc1 Bh4 29. Rh3 Bf6 30. Bf4 b5 31. Rhe3 b4 32.
Be5 Bxe5 33. Rxe5 Rcd8 34. f4 Qb6 35. Rxd5 Rxd5 36. Rb1 Rb5 37. Kh2 Qd6 38. cxb4 Qxf4+ 39. g3 Qxh6+ 40. Kg2 Rxb4 41. Rxb4 axb4 42. Qxc4 Qd2+ 43. Kh3 Qh6+ 44. Kg2 Qd2+ 45. Kh3 g5 46. g4 Qe3+ 47. Kg2 fxg4 48. Qc8+ Kg7 49. Qd7 Qf3+ 50. Kg1 Qf6 51. d5 h5 52. d6 Qd4+ 53. Kh2 Qxd6+ 54. Qxd6 exd6 0-1

[Event "*** Titled Tuesday Blitz"]
[Site "Chess.com"]
[Date "2020.05.26"]
[Round "7"]
[White "Igor_Lysyj"]
[Black "GeorgMeier"]
[Result "0-1"]
[WhiteElo "2769"]
[BlackElo "2984"]
[TimeControl "180+1"]
[EndTime "11:21:51 PDT"]
[Termination "GeorgMeier won by resignation"]

1. d4 e6 2. c4 b6 3. a3 Nf6 4.
Nc3 Bb7 5. d5 Bd6 6. Nf3 O-O 7.
Bg5 h6 8. h4 Be7 9. Qc2 Ng4 10. Bxe7 Qxe7 11. g3 d6 12. Bg2 e5 13.
h5 Nf6 14. Nh4 Bc8 15. Nf5 Bxf5 16. Qxf5 Nbd7 17. b4 Rfe8 18. e4 a6 19. Bf3 Rec8 20.
Be2 c6 21. dxc6 Rxc6 22. O-O Nf8 23. Rac1 Ne6 24. Bd3 Nd4 25. Qh3 a5 26. f4 axb4 27. axb4 Ra3 28. Rfd1 Qc7 29. Nd5 Qd8 30. fxe5 dxe5 31.
Qg2 Rd6 32. Qf2 Ng4 33. Qg2 Nf6 34. Rd2 Nxh5 35. Rf1 Nf6 36. Qf2 Qd7 37. c5 bxc5 38. bxc5 Re6 39. Bc4 Nxe4 40. Qg2 Rxg3 41. Qxg3 Nxg3 42.
Ra1 Kh7 43. Bd3+ e4 44. Bc4 e3 45. Rg2 e2 46. Rxg3 e1=Q+ 47. Rxe1 Rxe1+ 48. Kf2 Re5 49. Bd3+ f5 0-1

[Event "*** Titled Tuesday Blitz"]
[Site "Chess.com"]
[Date "2020.05.26"]
[Round "7"]
[White "AnishGiri"]
[Black "albano87"]
[Result "1-0"]
[WhiteElo "2957"]
[BlackElo "2394"]
[TimeControl "180+1"]
[EndTime "11:21:51 PDT"]
[Termination "AnishGiri won by resignation"]

1. e4 c5 2. Nf3 Nc6 3. Bb5 d6 4. O-O Bd7 5. Re1 Nf6 6. c3 a6 7.
Bf1 Bg4 8. d4 cxd4 9. cxd4 Bxf3 10. gxf3 g6 11. Nc3 Bg7 12. f4 O-O 13. d5 Na7 14. e5 dxe5 15. fxe5 Nd7 16. Bf4 b5 17.
Bg3 b4 18. Na4 Nb6 19. Nxb6 Qxb6 20. Bg2 Nb5 21. Qg4 Rad8 22. Rad1 Nc7 23. h4 e6 24. d6 Nd5 25. Bxd5 exd5 26. Rxd5 Rfe8 27. Red1 Re6 28. Qc4 a5 29. Qc7 Qb8 30. Qxb8 Rxb8 31. d7 Rd8 32. Rxa5 Re7 33. Rad5 h5 34. Bf4 Re6 35.
Rc1 Kf8 36. Rc8 Ke7 37. Be3 Bxe5 38. Bc5+ Bd6 39. Bxd6+ Kxd7 40. Rxd8+ Kxd8 41. Bg3+ Ke7 42. Rb5 Re1+ 43. Kg2 Re4 44. Kf3 f5 45. Re5+ Kf6 46.
Rxe4 fxe4+ 47. Kxe4 Ke6 48. a3 Kf6 49. axb4 Ke6 50. b5 g5 51. hxg5 Kd7 52. Bh4 Ke6 53. f4 1-0

[Event "*** Titled Tuesday Blitz"]
[Site "Chess.com"]
[Date "2020.05.26"]
[Round "7"]
[White "ChessicallyInclined"]
[Black "Vesper2018"]
[Result "1-0"]
[WhiteElo "2525"]
[BlackElo "2315"]
[TimeControl "180+1"]
[EndTime "11:21:51 PDT"]
[Termination "ChessicallyInclined won on time"]

1. d4 Nf6 2. c4 g6 3. Nc3 Bg7 4. e4 d6 5. f3 O-O 6. Be3 c5 7.
Nge2 Nc6 8. d5 Na5 9. Nc1 e6 10. Be2 a6 11. a4 exd5 12. cxd5 Bd7 13. O-O b5 14. axb5 axb5 15. Nxb5 Qb6 16. Qd3 Nh5 17. Rb1 f5 18. b4 Nb7 19. Nb3 Rfc8 20. Nd2 c4 21. Bxb6 cxd3 22. Bxd3 Nf4 23. Nc7 Rxc7 24. Bxc7 Nxd3 25. Nb3 Bb5 26. Rfd1 fxe4 27. fxe4 Ra2 28.
Bb6 Be5 29. Rd2 Ra3 30. Nd4 Bc4 31. Nc6 Bf4 32. Re2 Nxb4 33. Rf2 Nd3 34. Rf3 Ra2 35.
Bd4 Nbc5 36. Rb8+ Kf7 37. g3 g5 38. gxf4 gxf4 39. e5 dxe5 40. Nxe5+ Nxe5 41. Bxe5 Nd3 42. Bxf4 Ra1+ 43. Kg2 Ne1+ 44. Kg3 Nxf3 45. Kxf3 Ra3+ 46. Kg4 Bxd5 47. h4 Be6+ 48. Kg5 Ra5+ 49. Kh6 Bf5 50. Rb7+ Ke6 51. Bg5 1-0

[Event "*** Titled Tuesday Blitz"]
[Site "Chess.com"]
[Date "2020.05.26"]
[Round "7"]
[White "Tejas_Rama"]
[Black "aa175"]
[Result "1-0"]
[WhiteElo "2397"]
[BlackElo "2531"]
[TimeControl "180+1"]
[EndTime "11:21:51 PDT"]
[Termination "Tejas_Rama won on time"]

1. Nf3 Nf6 2. c4 g6 3. Nc3 d5 4. cxd5 Nxd5 5. e4 Nxc3 6. dxc3 Qxd1+ 7. Kxd1 Bg7 8. Bc4 Nc6 9. Bb5 Bg4 10. Kc2 O-O-O 11.
Nd2 f5 12. f3 Bh5 13. Bc4 fxe4 14. Be6+ Kb8 15. g4 Rd6 16. Bc4 Ne5 17. Nxe4 Bxg4 18. fxg4 Nxc4 19. Nxd6 exd6 20. Rf1 a5 21. Rf7 Be5 22.
b3 Nb6 23. Bf4 Bxf4 24. Rxf4 Nd5 25. Rf7 Re8 26. Kd2 h5 27. gxh5 gxh5 28. Rf5 c6 29. c4 Nc7 30. Rxh5 Rg8 31. Re1 a4 32. Rh6 axb3 33.
axb3 d5 34. h4 d4 35. h5 Rg3 36. Kc2 Na6 37. Rh8+ Ka7 38. Ra1 Kb6 39. h6 Nb4+ 40. Kd2 Rg2+ 41. Kc1 Nd3+ 42. Kd1 Nb2+ 43. Kc1 Nd3+ 44.
Kd1 Rh2 45. h7 Nb2+ 46. Kc1 Nd3+ 47. Kd1 Nb2+ 48. Ke1 Rh1+ 49. Kd2 Rxa1 50. Rd8 Rh1 51. h8=Q Rxh8 52. Rxh8 Kc5 53. Kc2 d3+ 54. Kxb2 Kd4 55. Rh1 b5 56. cxb5 cxb5 57. Rd1 Ke3 58. Kc3 d2 59. Rxd2 b4+ 60. Kc2 1-0

[Event "*** Titled Tuesday Blitz"]
[Site "Chess.com"]
[Date "2020.05.26"]
[Round "7"]
[White "Oleksandr_Bortnyk"]
[Black "Maybe00"]
[Result "1/2-1/2"]
[WhiteElo "2983"]
[BlackElo "2812"]
[TimeControl "180+1"]
[EndTime "11:21:52 PDT"]
[Termination "Game drawn by agreement"]

1. e4 e5 2. Bc4 Nc6 3. d3 Nf6 4. Nc3 Na5 5. Bb3 Nxb3 6. axb3 d5 7. Bg5 dxe4 8. dxe4 Qxd1+ 9. Rxd1 Bb4 10. f3 Bxc3+ 11. bxc3 Nd7 12. h4 f6 13. Be3 h5 14. Ne2 Nf8 15. Ra1 a6 16. c4 Bd7 17. Kf2 Ne6 18.
Nc3 Bc6 19. Nd5 Kf7 20. c3 Rad8 21. g4 hxg4 22. fxg4 Bd7 23. Kg3 c6 24. Nb4 Bc8 25.
Rhf1 Ke7 26. h5 Rd7 27. Ra2 Rdd8 28. Bc1 Rdg8 29. Ba3 Kf7 30. Nd3 Nf4 31. Nxf4 exf4+ 32. Rxf4 Rd8 33. Rf3 Rhe8 34. Re2 Re5 35. Bc1 Rde8 36. Rf4 c5 37. b4 Bd7 38. Ba3 Bc6 39. b5 axb5 40.
cxb5 Bxe4 41. h6 gxh6 42. Ref2 R8e6 43. c4 Bd3 44. Bb2 Re3+ 45. Kh4 f5 46. gxf5 R6e4 47. b6 Rxf4+ 48. Rxf4 Re4 49. Rxe4 Bxe4 50. Ba3 Bxf5 51.
Bxc5 Bd3 52. Be3 Bxc4 53. Bxh6 Bd5 54. Bf4 Ke6 55. Bc7 Kd7 56. Kg5 Kc6 57. Kf6 Bc4 58.
Ke7 Ba6 59. Kd8 Bb5 60. Kc8 Ba6 61. Kb8 Bb5 62. Ka7 Ba6 1/2-1/2

[Event "*** Titled Tuesday Blitz"]
[Site "Chess.com"]
[Date "2020.05.26"]
[Round "7"]
[White "nihalsarin"]
[Black "LiamVrolijk"]
[Result "1-0"]
[WhiteElo "3033"]
[BlackElo "2784"]
[TimeControl "180+1"]
[EndTime "11:21:52 PDT"]
[Termination "nihalsarin won by resignation"]

1. Nc3 Nf6 2. Nf3 d5 3. d4 c5 4. dxc5 Nc6 5. e3 e6 6. a3 Bxc5 7. Bd3 O-O 8. O-O Be7 9. e4 d4 10. Ne2 e5 11. Ng3 Nd7 12. b4 a5 13. b5 Ncb8 14. Nf5 Bf6 15. a4 Nc5 16. Ba3 Qb6 17. Ng3 Re8 18. Bxc5 Qxc5 19. Nh5 Be7 20. Nd2 Be6 21. f4 exf4 22. Nxf4 Bg5 23. Nxe6 Rxe6 24. Nb3 Qc7 25. Kh1 Be3 26. Qg4 Nd7 27.
Rf5 Ne5 28. Qe2 Rae8 29. Raf1 b6 30. h3 Qd6 31. Nd2 Bxd2 32. Qxd2 R6e7 33. Qf4 Qe6 34. Qg3 Ng6 35. h4 h6 36. h5 Ne5 37. Rf6 Qg4 38.
Qxg4 Nxg4 39. Rxb6 Re5 40. Ra6 Ne3 41. Rf3 Rxh5+ 42.
Kg1 Ree5 43. Rxa5 Reg5 44. Ra8+ Kh7 45. e5+ Nf5 46. Rxf5 Rxf5 47. g4 1-0

[Event "*** Titled Tuesday Blitz"]
[Site "Chess.com"]
[Date "2020.05.26"]
[Round "7"]
[White "Aygehovit1992"]
[Black "Beca95"]
[Result "1-0"]
[WhiteElo "2716"]
[BlackElo "2857"]
[TimeControl "180+1"]
[EndTime "11:21:52 PDT"]
[Termination "Aygehovit1992 won on time"]

1. e4 c5 2. Nf3 d6 3. d4 cxd4 4. Nxd4 Nf6 5. Nc3 a6 6. h4 e5 7. Nb3 Be7 8. Be2 h5 9. Bg5 Be6 10. g3 Nbd7 11. Qd2 Rc8 12. O-O-O b5 13. f3 b4 14. Nd5 Bxd5 15. exd5 a5 16. Bb5 O-O 17. g4 hxg4 18. Bxd7 Qxd7 19. Nxa5 Qa4 20. Nc6 Rxc6 21. dxc6 gxf3 22. Bxf6 Bxf6 23. Qxd6 Qxa2 24. c7 Rc8 25. Qd7 Qa1+ 26. Kd2 Qa6 27. Ra1 Qe6 28. Qxe6 fxe6 29. Ra7 e4 30. Ke3 Be5 31. Kxe4 Bxc7 32. Kxf3 Be5 33.
Re1 Bxb2 34. Rxe6 Rxc2 35. Re8+ Kh7 36. Raa8 Rc3+ 37. Kg4 Rc4+ 38. Kg3 Bf6 39. h5 Kh6 40. Rh8+ Kg5 41. Ra5+ Be5+ 42. Rxe5+ Kf6 43. Re3 Kg5 44. Rg8 Rc7 45. Rge8 Kxh5 46. R8e5+ Kg6 47. Rb5 Rc4 48. Rb3 1-0